 Dungeon Crawl Stone Soup version 0.21.0-3-g78d12a8 (webtiles) character file.

13 Goblin1989 the Insei (level 2, 0/24 HPs)
             Began as a Demonspawn Monk on Jan 13, 2018.
             Slain by a hobgoblin (1 damage)
             ... on level 1 of the Dungeon.
             The game lasted 00:02:04 (254 turns).

Goblin1989 the Insei (Demonspawn Monk)               Turns: 254, Time: 00:02:05

Health: 0/24       AC:  2    Str: 11    XL:     2   Next: 24%
Magic:  0/2        EV: 13    Int: 11    God:
Gold:   0          SH:  0    Dex: 15    Spells: 1/1 levels left

rFire    . . .     SeeInvis .     - Unarmed
rCold    . . .     Gourm    .   (no shield)
rNeg     . . .     Faith    .   a - +0 robe
rPois    .         Spirit   +   (no helmet)
rElec    .         Reflect  .   (no cloak)
rCorr    .         Harm     .   (no gloves)
MR       .....                  (no boots)
Stlth    ++........             (no amulet)
HPRegen  0.08/turn              (no ring)
MPRegen  0.08/turn              (no ring)

@: hasted, very quick
A: magic shield
a: no special abilities


You were on level 1 of the Dungeon.
You were not hungry.

You visited 1 branch of the dungeon, and saw 1 of its levels.

Inventory:

Armour
 a - a +0 robe (worn)
Scrolls
 c - a scroll of identify {unknown}
 g - a scroll of remove curse {unknown}
 h - 5 scrolls of fear {unknown}
Comestibles
 e - 2 rations {@e1}
 j - 4 chunks of flesh


   Skills:
 - Level 3.0 Fighting
 - Level 2.6 Dodging
 - Level 1.7 Stealth
 + Level 3.4 Unarmed Combat


You had one spell level left.
You didn't know any spells.

Dungeon Overview and Level Annotations

Branches:
Dungeon (1/15)

Altars:


Innate Abilities, Weirdness & Mutations

When hurt, damage is shared between your health and your magic reserves.


Message History

You are too injured to fight recklessly!
You are too injured to fight recklessly!
You are too injured to fight recklessly!
You are too injured to fight recklessly!
You are too injured to fight recklessly!
You are too injured to fight recklessly!
You are too injured to fight recklessly!
You are too injured to fight recklessly!
You are too injured to fight recklessly!
You are too injured to fight recklessly!
You are too injured to fight recklessly!
You are too injured to fight recklessly!
You are too injured to fight recklessly!
You are too injured to fight recklessly!
You are too injured to fight recklessly!
You barely miss the jackal.
The jackal is moderately wounded.
The jackal bites you.
* * * LOW HITPOINT WARNING * * *
You take 1 damage, and have 10/24 hp.
You hit the jackal.
The jackal is heavily wounded.
The jackal bites you but does no damage.
You hit the jackal.
You kill the jackal!
You closely miss the jackal. The jackal completely misses you.
You hit the jackal but do no damage. Your punch misses the jackal.
The jackal bites you.
* * * LOW HITPOINT WARNING * * *
You take 2 damage, and have 8/24 hp.
You closely miss the jackal. The jackal bites you.
* * * LOW HITPOINT WARNING * * *
The jackal misses you.
You take 3 damage, and have 5/24 hp.
You barely miss the jackal. The jackal closely misses you.
You closely miss the jackal.
The jackal bites you but does no damage.
The jackal misses you.
You completely miss the jackal.
The jackal bites you but does no damage.
Unknown command.
You hit the jackal.
The jackal is heavily wounded.
The jackal bites you.
* * * LOW HITPOINT WARNING * * *
You take 1 damage, and have 5/24 hp.
The jackal barely misses you.
It was a potion of haste.
You feel yourself speed up. The jackal barely misses you.
Unknown command.
You hit the jackal.
You kill the jackal!
You hit the ball python.
You kill the ball python!
The rat closely misses you.
Things that are here:
a ball python corpse; a jackal corpse You barely miss the rat.
The rat misses you.
You hit the rat.
The rat is severely wounded.
The rat bites you but does no damage.
You closely miss the rat.
The rat is severely wounded.
You hit the rat.
You kill the rat!
You closely miss the kobold. The kobold hits you but does no damage.
You hit the kobold.
The kobold is moderately wounded.
You closely miss the kobold.
The kobold is moderately wounded.
The kobold hits you with a short sword.
* * * LOW HITPOINT WARNING * * *
You take 3 damage, and have 2/24 hp.
You now have 0/2 mp.
You closely miss the kobold.
The kobold is moderately wounded.
Unknown command.
You hit the kobold but do no damage.
The kobold is moderately wounded.
The kobold barely misses you.
You hit the kobold.
You kill the kobold!
You hit the hobgoblin.
The hobgoblin is almost dead.
You barely miss the hobgoblin.
The hobgoblin is almost dead.
The hobgoblin closely misses you.
You barely miss the hobgoblin.
The hobgoblin is almost dead.
You barely miss the hobgoblin.
The hobgoblin is almost dead.
The hobgoblin hits you.
* * * LOW HITPOINT WARNING * * *
You take 2 damage, and have 1/24 hp.
Unknown command.
You barely miss the hobgoblin.
The hobgoblin is almost dead.
You hit the hobgoblin but do no damage.
The hobgoblin is almost dead.
The hobgoblin hits you.
You die...

...........█
.≈≈≈≈≈..
...........█
..≈≈≈..<
███████....█
.≈≈≈≈≈..
...........█
≈≈..≈≈≈.
......K....█
....≈≈≈≈
......h....█
.██..≈≈≈
.......███r█
█......
.......


█g█ █.█.███. .....S. █@█ ████ █. ....... █....█ ██ ."..... █....... .......
█......... .?..... █....█████ ...... █....██ .....█ You could see a hobgoblin
and a rat.

Vanquished Creatures
  An ooze (D:1)
  A hobgoblin (D:1)
  3 jackals (D:1)
  A ball python (D:1)
  A kobold (D:1)
  2 rats (D:1)
9 creatures vanquished.

Notes
Turn   | Place    | Note
-------+----------+-------------------------------------------
     0 | D:1      | Goblin1989 the Demonspawn Monk began the quest for the Orb.
     0 | D:1      | Reached XP level 1. HP: 18/18 MP: 1/1
   214 | D:1      | Gained mutation: When hurt, damage is shared between your health and your magic reserves. [demonic ancestry]
   214 | D:1      | Reached XP level 2. HP: 19/24 MP: 2/2
   251 | D:1      | HP: 1/24 [hobgoblin (2)]
   254 | D:1      | Slain by a hobgoblin

Skill      XL: |  1 |
---------------+----+-----
Unarmed Combat | 3 |  3.4
Fighting       | |  3.0
Dodging        | |  2.6
Stealth        | |  1.7

Action                   || total
-------------------------++-------
Melee: Unarmed           ||    48
  Use: Potion            ||     1
Armor: Robe              ||     6
Dodge: Dodged            ||    19

Vault maps used:
D:1:      dpeg_arrival_subterranean_lakeside_camping
